 Dungeon Crawl Stone Soup version 0.30-a0-42-g806c11bf1d (webtiles) character file.

Game seed: 14683907298975692893

46208 Kinoniko the Swashbuckler (level 14, 24/99 HPs)
             Began as a Kobold Brigand on Aug 30, 2022.
             Was the Champion of Dithmenos.
             Quit the game on level 2 of the Orcish Mines.
             The game lasted 00:29:19 (24591 turns).

Kinoniko the Swashbuckler (Kobold Brigand)         Turns: 24591, Time: 00:29:20

Health: 24/99      AC: 12    Str: 12    XL:     14   Next: 75%
Magic:  4/24       EV: 23    Int: 12    God:    Dithmenos [******]
Gold:   155        SH:  0    Dex: 18    Spells: 13/13 levels left

rFire   . . .      SeeInvis .    G - +0 rapier (venom)
rCold   . . .      Faith    .    (no shield)
rNeg    . . .      Spirit   +    l - +4 moon troll leather armour {Spirit, Regen++ MP+5}
rPois   +          Reflect  .    m - +1 hat
rElec   .          Harm     .    c - +0 cloak
rCorr   .          Rampage  .    (no gloves)
Will    +....                    L - +1 pair of boots Stlth ***+++++++
                                 T - amulet of the acrobat
HPRegen 1.86/turn                P - +4 ring of slaying
MPRegen 0.19/turn                k - +4 ring of slaying

@: wreathed by umbra
A: small, no large weapons, nightstalker 3, poison resistance, robust 1, wild
magic 1
a: Renounce Religion, Shadow Step, Shadow Form


You were on level 2 of the Orcish Mines.
You worshipped Dithmenos.
Dithmenos was exalted by your worship.
You visited 3 branches of the dungeon, and saw 17 of its levels.

You collected 1869 gold pieces.
You spent 1714 gold pieces at shops.

Inventory:

Hand Weapons
 A - a +2 short sword of speed
 G - a +0 rapier of venom (weapon)
Missiles
 d - 26 poisoned darts (quivered)
 e - 3 curare-tipped darts
 h - 4 atropa-tipped darts
Armour
 b - a +0 robe
 c - a +0 cloak (worn)
 f - a +0 leather armour
 l - the +4 moon troll leather armour (worn) {Spirit, Regen++ MP+5}
   (You bought it in a shop on level 5 of the Dungeon)

   MP:        It affects your magic capacity (+5).
   Regen:     It increases your rate of health regeneration.
 m - a +1 hat (worn)
 x - a +0 leather armour of fire resistance
 I - the +1 ring mail "Beehar" {Str+2 Dex+4}
   (You bought it in a shop on level 5 of the Dungeon)

   Str:       It affects your strength (+2).
   Dex:       It affects your dexterity (+4).
 L - a +1 pair of boots (worn)
 U - a +3 ring mail of poison resistance
 V - a +0 troll leather armour
Jewellery
 g - a ring of protection from fire
 j - the amulet "Olevvin" {Harm Regen+ rCorr Str+5 Dex-3}
   (You found it on level 8 of the Dungeon)

   [amulet of regeneration]

   Str:       It affects your strength (+5).
   Dex:       It affects your dexterity (-3).
   Regen:     It increases your rate of health regeneration.
   rCorr:     It protects you from acid and corrosion.
   Harm:      It increases damage dealt and taken.
 k - a +4 ring of slaying (right hand)
 o - an amulet of magic regeneration
 q - a +6 ring of intelligence
 r - a +6 ring of intelligence
 M - an amulet of guardian spirit
 O - a ring of flight
 P - a +4 ring of slaying (left hand)
 Q - a ring of protection from cold
 T - an amulet of the acrobat (around neck)
 X - a ring of ice
Wands
 u - a wand of polymorph (3)
 v - a wand of roots (35)
 B - a wand of digging (9)
 C - a wand of quicksilver (7)
 F - a wand of charming (7)
 K - a wand of flame (14)
Scrolls
 a - a scroll of poison
 t - a scroll of torment
 y - 3 scrolls of butterflies
 z - 5 scrolls of immolation
 E - 2 scrolls of vulnerability
 N - 3 scrolls of magic mapping
Potions
 i - 4 potions of mutation
 p - 4 potions of attraction
 s - 2 potions of degeneration
 w - 3 potions of magic
 D - 3 potions of brilliance
 H - 4 potions of cancellation


   Skills:
 * Level 11.0 Fighting
 - Level 17.6 Short Blades
 - Level 2.1 Throwing
 + Level 0.4 Armour
 + Level 14.3 Dodging
 - Level 15.9 Stealth
 + Level 7.7 Invocations
 - Level 5.6 Evocations


You had 13 spell levels left.
You didn't know any spells.
Your spell library contained the following spells:

 Spells                   Type           Power      Damage    Failure   Level
 Magic Dart               Conj           0%         1d3       47%         1
 Summon Small Mammal      Summ           0%         N/A       47%         1
 Call Imp                 Summ           0%         N/A       63%         2
 Call Canine Familiar     Summ           0%         N/A       83%         3
 Conjure Flame            Conj/Fire      0%         6-21      83%         3
 Frozen Ramparts          Ice            0%         1d1       83%         3
 Ignite Poison            Fire/Tmut/Pois 0%         N/A       83%         3
 Mephitic Cloud           Conj/Pois/Air  0%         N/A       83%         3
 Summon Guardian Golem    Hex/Summ       0%         N/A       83%         3
 Ice Form                 Ice/Tmut       0%         N/A       99%         4
 Sticky Flame             Conj/Fire      0%         2d3       99%         4
 Summon Ice Beast         Ice/Summ       0%         N/A       99%         4
 Dispersal                Tloc           0%         N/A       100%        6
 Infestation              Necr           0%         N/A       100%        8


Dungeon Overview and Level Annotations

Branches:
Dungeon (10/15)            Temple (0/1) D:6            Lair (5/5) D:8
 Shoals (0/4) Lair:2       Spider (0/4) Lair:3        Slime (0/5) Lair:5
    Orc (2/2) D:9
    Elf: Orc:2

Altars:
Ashenzari
Dithmenos
Okawaru
Qazlal
Sif Muna
Jiyva

Shops:
D:5 ?*:[   Orc:1 *


Innate Abilities, Weirdness & Mutations

You are small and have problems with some larger weapons.
You are completely attuned to the shadows.
Your system is resistant to poisons. (rPois)
You are robust. (+10% HP)
Your spells are a little harder to cast, but a little more powerful.


Message History

The orc warlord hits your butterfly with a +2 war axe of electrocution!!
Your butterfly dies!
Your butterfly disappears in a burst of colours!
You hit the orc warlord.
The orc warlord is moderately wounded.
Your butterfly is poisoned.
Your butterfly is engulfed in poison gas.
Your butterfly is poisoned.
You kill your butterfly!
Your butterfly disappears in a burst of colours!
You hit the orc warlord but do no damage.
The orc warlord is moderately wounded.
Your butterfly is engulfed in poison gas.
Your butterfly is poisoned.
You kill your butterfly!
Your butterfly disappears in a burst of colours!
The orc sorcerer casts a spell at you. The bolt of negative energy misses you.
The orc warrior closely misses you.
The orc warlord hits you with a +2 war axe of electrocution!
The orc warlord hits your butterfly with a +2 war axe of electrocution!
Your butterfly dies!
Your butterfly disappears in a burst of colours!
You puncture the orc warlord!
The orc warlord looks as sick as possible!
The orc warlord is moderately wounded.
You kill your butterfly!
Your butterfly disappears in a burst of colours!
Unknown command.
The orc warlord blocks your attack.
The orc warlord is moderately wounded.
The orc warrior hits you from afar with a +0 vampiric glaive!
* * * LOW HITPOINT WARNING * * *
The orc warrior closely misses you.
The orc warlord roars a battlecry!
The orc goes into a battle-frenzy!
Unknown command.
Unknown command.
Okay, then.
Okay, then.
Are you sure you want to abandon this character and quit the game? (Confirm with "yes".)

#.....###
#.
#.#.o..#
#.#...##
#....##
#..oo.#
#.°°o###
#..o.°.##
#°°..o..#
#..o@o.##
......##
.....#..#
..b..b...
.........
........


You could see an orc warlord (extremely poisoned, ally target), an orc sorcerer
(strong), 4 orc warriors and an orc (strong).

Vanquished Creatures
  Rupert (Lair:3)
  Gastronok (Lair:3)
  An orc warlord (Orc:1)
  Nessos (Lair:5)
  Fannar (D:10)
  A hydra (Lair:4)
  2 centaur warriors (D:10)
  Erica (D:8)
  4 two-headed ogres
  Amaemon (D:8)
  3 orc knights
  A deep elf pyromancer (D:10)
  An orc sorcerer (Orc:1)
  An orange demon (D:8)
  2 black mambas
  Joseph (D:7)
  18 cane toads
  A rime drake (Lair:3)
  3 unseen horror zombies (D:9)
  6 komodo dragons
  7 trolls
  12 blink frogs
  3 tyrant leeches (Lair:5)
  A tarantella (Lair:3)
  Prince Ribbit (D:8)
  Sigmund (D:2)
  A wraith (D:9)
  5 wyverns
  32 yaks
  5 vampire mosquitoes (Lair:5)
  5 basilisks
  8 wargs
  Menkaure (D:7)
  An acid dragon (D:10)
  14 water moccasins
  4 ice beasts
  3 black bears
  22 orc warriors
  7 ogres
  14 wolves
  3 centaurs (Lair:2)
  2 kobold brigands
  18 bullfrogs
  6 gnoll sergeants
  8 scorpions
  A necrophage (D:5)
  22 wights
  8 killer bees
  5 howler monkeys
  4 electric eels
  2 centaur zombies (D:9)
  3 hounds (D:5)
  2 jellies (D:6)
  13 orc priests
  Ijyb (D:3)
  Jessica (D:3)
  2 iguanas (D:5)
  21 orc wizards
  6 hell rats (Lair:4)
  13 gnolls
  8 adders
  A shadow imp (D:7)
  A white imp (D:6)
  2 ufetubi
  2 dart slugs
  66 orcs
  6 bats
  6 endoplasms
  5 giant cockroaches
  3 goblins
  4 hobgoblins
  2 jackals (D:2)
  3 quokkas (D:1)
  6 ball pythons
  2 frilled lizards
  19 kobolds
  4 rats
479 creatures vanquished.

Vanquished Creatures (collateral kills)
  A black mamba (Lair:2)
  A torpor snail (Lair:2)
  A wolf (Lair:2)
  2 gnoll sergeants (D:7)
  2 gnoll boudas (D:7)
  A gnoll (D:7)
8 creatures vanquished.

Vanquished Creatures (others)
  An orc (Orc:1)
  6 bushes (Lair:5)
  A demonic plant (D:2)
  29 fungi
  95 plants
  A withered plant (D:2)
133 creatures vanquished.

Grand Total: 620 creatures vanquished

Notes
Turn   | Place    | Note
-------+----------+-------------------------------------------
     0 | D:1      | Kinoniko the Kobold Brigand began the quest for the Orb.
     0 | D:1      | Reached XP level 1. HP: 12/12 MP: 1/1
   143 | D:1      | Reached skill level 3 in Short Blades
   171 | D:1      | Reached XP level 2. HP: 17/17 MP: 2/2
   858 | D:2      | Found a faded altar of an unknown god.
   868 | D:2      | Reached XP level 3. HP: 21/21 MP: 3/3
   952 | D:2      | Noticed Sigmund
   956 | D:2      | Killed Sigmund
   957 | D:2      | Reached skill level 5 in Short Blades
   957 | D:2      | Reached XP level 4. HP: 26/26 MP: 4/4
   957 | D:2      | Reached XP level 5. HP: 30/30 MP: 5/5
   957 | D:2      | Reached XP level 6. HP: 35/35 MP: 6/6
  2187 | D:3      | Noticed Jessica
  2191 | D:3      | Killed Jessica
  2192 | D:3      | Reached skill level 6 in Short Blades
  2202 | D:3      | Found a broken altar of Ashenzari.
  2384 | D:3      | Noticed Ijyb
  2388 | D:3      | Killed Ijyb
  2636 | D:3      | Found a stormy altar of Qazlal.
  2797 | D:4      | Reached XP level 7. HP: 40/40 MP: 7/7
  2999 | D:4      | Reached skill level 7 in Short Blades
  3284 | D:4      | Found a shimmering blue altar of Sif Muna.
  3602 | D:5      | Entered Level 5 of the Dungeon
  3699 | D:5      | Reached skill level 8 in Short Blades
  3837 | D:5      | Gained mutation: Your system is resistant to poisons.
                  | (rPois) [potion of mutation]
  3837 | D:5      | Gained mutation: Your spells are a little harder to cast,
                  | but a little more powerful. [potion of mutation]
  3837 | D:5      | Gained mutation: You are robust. (+10% HP) [potion of
                  | mutation]
  3846 | D:5      | Reached XP level 8. HP: 48/48 MP: 8/8
  4030 | D:5      | Reached skill level 5 in Dodging
  4113 | D:5      | Found a shadowy altar of Dithmenos.
  4265 | D:5      | Became a worshipper of Dithmenos the Shadowed
  4354 | D:5      | Found Hettuq's General Store.
  4354 | D:5      | Found Worekhom's Book Boutique.
  4553 | D:5      | Found an iron altar of Okawaru.
  4716 | D:5      | Reached skill level 9 in Short Blades
  5317 | D:5      | Found Rairor's Magic Scroll Boutique.
  5344 | D:5      | Reached skill level 10 in Short Blades
  5344 | D:5      | Reached XP level 9. HP: 32/52 MP: 9/9
  5623 | D:5      | Found Qochaott's Antique Armour Emporium.
  5974 | D:6      | Found a staircase to the Ecumenical Temple.
  6385 | D:6      | Reached * piety under Dithmenos
  6481 | D:6      | Reached skill level 11 in Short Blades
  6522 | D:6      | You fall into a shaft and drop 3 floors!
  6583 | D:9      | Reached skill level 10 in Stealth
  6874 | D:8      | Found a staircase to the Lair.
  6966 | D:8      | Noticed Erica
  6970 | D:8      | Killed Erica
  6971 | D:8      | Reached skill level 12 in Short Blades
  6971 | D:8      | Reached XP level 10. HP: 58/58 MP: 10/10
  7000 | D:7      | Noticed Joseph
  7004 | D:7      | Killed Joseph
  7005 | D:7      | Reached skill level 13 in Short Blades
  8108 | D:5      | Bought a bloodstained ring mail for 243 gold pieces
  8108 | D:5      | Identified the +1 ring mail "Beehar" {Str+2 Dex+4} (You
                  | bought it in a shop on level 5 of the Dungeon)
  8556 | D:7      | Reached ** piety under Dithmenos
  8694 | D:7      | Found the +3 woodcutter's axe {vorpal}
  9053 | D:7      | Noticed Menkaure
  9062 | D:7      | Killed Menkaure
  9063 | D:7      | Reached skill level 14 in Short Blades
  9282 | D:8      | Noticed a two-headed ogre
  9285 | D:8      | Killed a two-headed ogre
  9286 | D:8      | Reached XP level 11. HP: 62/62 MP: 11/11
  9316 | D:8      | Noticed Prince Ribbit
  9320 | D:8      | Killed Prince Ribbit
  9335 | D:8      | Identified the amulet "Olevvin" {Harm Regen+ rCorr Str+5
                  | Dex-3}
  9777 | D:8      | Noticed Amaemon
  9780 | D:8      | Reached skill level 15 in Short Blades
  9782 | D:8      | Killed Amaemon
  9783 | D:8      | Reached skill level 10 in Dodging
  9866 | Lair:1   | Entered Level 1 of the Lair of Beasts
 10487 | Lair:1   | Reached *** piety under Dithmenos
 11180 | Lair:2   | Reached skill level 16 in Short Blades
 12008 | Lair:2   | Reached XP level 12. HP: 68/68 MP: 12/12
 12341 | Lair:2   | Found a staircase to the Shoals.
 12871 | Lair:3   | Noticed Rupert
 12875 | Lair:3   | Killed Rupert
 12876 | Lair:3   | Reached skill level 17 in Short Blades
 12943 | Lair:3   | Found a hole to the Spider Nest.
 13890 | Lair:3   | Noticed Gastronok
 13894 | Lair:3   | Killed Gastronok
 13895 | Lair:3   | Reached skill level 1 in Invocations
 13895 | Lair:3   | Reached skill level 1 in Evocations
 14187 | Lair:4   | Reached skill level 15 in Stealth
 14510 | Lair:4   | Reached **** piety under Dithmenos
 15158 | Lair:4   | Noticed a four-headed hydra
 15164 | Lair:4   | Killed a four-headed hydra
 15165 | Lair:4   | Reached XP level 13. HP: 77/77 MP: 13/15
 15496 | Lair:5   | Entered Level 5 of the Lair of Beasts
 15775 | Lair:5   | Reached skill level 5 in Fighting
 16493 | Lair:5   | Found a viscous altar of Jiyva.
 16494 | Lair:5   | Found a staircase to the Slime Pits.
 16550 | Lair:5   | Reached skill level 5 in Evocations
 16729 | Lair:5   | Reached ***** piety under Dithmenos
 17279 | Lair:5   | Got the Writings on Discontinuous Darkness
 17292 | Lair:5   | Identified the +6 flail of Byesh {pain, rC++}
 18534 | Lair:4   | Reached skill level 5 in Invocations
 18749 | Lair:5   | Noticed Nessos
 18761 | Lair:5   | HP: 4/83 [Nessos (1)]
 18776 | Lair:5   | HP: 3/83 [Nessos/arrow (17)]
 18783 | Lair:5   | Killed Nessos
 19708 | D:9      | Found a staircase to the Orcish Mines.
 20013 | D:9      | Reached XP level 14. HP: 92/92 MP: 18/18
 20652 | D:10     | Entered Level 10 of the Dungeon
 20863 | D:10     | Identified the +5 glaive "Micawic" {protect, Contam rF+
                  | Dex+3}
 21291 | D:10     | Noticed Fannar
 21295 | D:10     | Killed Fannar
 22119 | Orc:1    | Entered Level 1 of the Orcish Mines
 22119 | Orc:1    | Found Noanloer's Assorted Antiques.
 22390 | Orc:1    | Noticed an orc warlord
 22398 | Orc:1    | Reached skill level 10 in Fighting
 22982 | Orc:1    | Killed an orc warlord
 23555 | Orc:2    | Entered Level 2 of the Orcish Mines
 24276 | D:5      | Bought the +4 moon troll leather armour {Spirit, Regen++
                  | MP+5} for 1471 gold pieces
 24276 | D:5      | Found the +4 moon troll leather armour {Spirit, Regen++
                  | MP+5}
 24534 | Orc:2    | Noticed an orc warlord
 24535 | Orc:2    | Reached ****** piety under Dithmenos
 24591 | Orc:2    | Quit the game

Illustrated notes

Levels and vault maps discovered:
D:1:      nicolae_arrival_washed_ashore, layout_loops_ring
D:2:      layout_basic, shapermc_ecumenical_altar_gd, uniq_sigmund
D:3:      layout_loops_ring, cheibrodos_ashenzari_chains,
          lemuel_coloured_pillars_altar, uniq_ijyb, uniq_jessica
D:4:      layout_basic, mainiacjoe_overflow_boulevard
D:5:      mumra_celtic_spiral_tile, layout_gridville,
          nicolae_dithmenos_through_a_glass_darkly, kennysheep_okawaru_gauntlet,
          serial_shops, nicolae_lakefront_shop, shop, shop, shop,
          minmay_misc_feat_room, nicolae_titane
D:6:      layout_layer_cave, minmay_temple_entry_trees
D:7:      layout_loops_ring, pf_guarded_unrand_woodcutter, uniq_menkaure,
          uniq_joseph
D:8:      layout_cave_pools, lair_entry_dummy, bh_walls_and_bars, uniq_erica,
          uniq_amaemon, uniq_prince_ribbit1
D:9:      layout_stronghold, minmay_orc_entry_guard_dogs, serial_undead,
          serial_undead_f, serial_undead_f, serial_undead_a, serial_undead_c
D:10:     layout_irregular_city, minmay_radiant, uniq_fannar
Lair:1:   layout_small_grid, serial_bayou_shore_a, serial_bayou_shore_b
Lair:2:   layout_cave_pods, minmay_shoals_entry_centaurs
Lair:3:   layout_cave_pods, spider_nest_entry_rubble, uniq_gastronok,
          uniq_rupert
Lair:4:   layout_layer_cave
Lair:5:   minmay_lair_end_frog_pond, layout_small_grid, slime_entry_1,
          uniq_nessos
Orc:1:    layout_caves, serial_shops, shop
Orc:2:    st_orc_mages, layout_diamond_mine, minmay_orc_treasury

Skill      XL: |  1  2  3  4  5  6  7  8  9 10 11 12 13 14 |
---------------+-------------------------------------------+-----
Short Blades   | 3 5 6 8 10 12 14 16 17 | 17.6
Dodging        | 3 4 6 8 9 10 12 13 14 | 14.3
Stealth        | 6 7 9 11 12 13 15 | 15.9
Invocations    | 2 5 7 |  7.7
Evocations     | 3 5 |  5.6
Fighting       | 4 8 11 | 11.0
Throwing       | |  2.1
Armour         | |  0.4

Action                   |  1- 3 |  4- 6 |  7- 9 | 10-12 | 13-15 || total
-------------------------+-------+-------+-------+-------+-------++-------
Melee: Dagger            |    44 |    62 |    28 |       |       ||   134
       Punch             |     1 |       |    12 |     7 |    15 ||    35
       Short sword       |       |       |   284 |   496 |   164 ||   944
       Rapier            |       |       |       |       |   781 ||   781
Invok: Shadow Step       |       |       |       |       |     2 ||     2
  Use: Scroll            |       |     6 |     6 |    13 |    20 ||    45
       Potion            |       |       |    11 |     2 |    13 ||    26
 Stab: Sleeping          |    11 |    13 |    26 |    37 |    56 ||   143
       Distracted        |       |       |     2 |     8 |     8 ||    18
       Invisible         |       |       |       |     7 |    18 ||    25
       Fleeing           |       |       |       |       |     1 ||     1
Armor: Leather armour    |     8 |     7 |    24 |     2 |       ||    41
       Skin              |       |       |     6 |       |       ||     6
       Ring mail         |       |       |       |    27 |    86 ||   113
       Troll leather arm |       |       |       |       |    11 ||    11
Dodge: Dodged            |    12 |    29 |   160 |   260 |   637 ||  1098

Table legend: (Time is in decaauts)
 A = Elapsed time spent in this place.
 B = Non-inter-level travel time spent in this place.
 C = Inter-level travel time spent in this place.
 D = Time resting spent in this place.
 E = Time spent auto-exploring this place.
 F = Levels seen in this place.
 G = Mean time per level.
                   A        B        C        D        E       F      G
               +--------+--------+--------+--------+--------+-----+--------+
         Total |  23625 |  21836 |   1789 |   4450 |  14494 |  17 | 1389.7 |
       Dungeon |  12999 |  11882 |   1117 |   1447 |   8848 |  10 | 1299.9 |
          Lair |   9123 |   8725 |    398 |   2594 |   5168 |   5 | 1824.6 |
  Orcish Mines |   1502 |   1229 |    273 |    408 |    478 |   2 |  751.0 |
               +--------+--------+--------+--------+--------+-----+--------+

Top non-repeatable levels by time:
  Lair:5: 3042 daAuts
     D:5: 2451 daAuts
  Lair:4: 1967 daAuts
     D:9: 1899 daAuts
  Lair:2: 1850 daAuts
     D:6: 1685 daAuts
    D:10: 1400 daAuts
  Lair:3: 1139 daAuts
  Lair:1: 1122 daAuts
     D:2: 1068 daAuts
     D:7: 1041 daAuts
     D:4: 963 daAuts
   Orc:1: 946 daAuts
     D:1: 942 daAuts
     D:3: 837 daAuts
